 Dungeon Crawl Stone Soup version 0.19-a0-860-g5c370dd (webtiles) character file.

36495 Fubayashi the Thaumaturge (level 13, -8/78 HPs)
             Began as a Gargoyle Earth Elementalist on July 2, 2016.
             Was a High Priest of Vehumet.
             Killed from afar by a lindwurm (34 damage)
             ... with a blast of flame
             ... on level 6 of the Lair of Beasts.
             The game lasted 01:37:07 (26425 turns).

Fubayashi the Thaumaturge (GrEE)                   Turns: 26425, Time: 01:37:08

Health: -8/78      AC: 23    Str: 13    XL:     13   Next: 90%
Magic:  11/37      EV: 14    Int: 20    God:    Vehumet [*****.]
Gold:   923        SH:  0    Dex: 10    Spells: 6 memorised, 12 levels left

rFire  . . .     SeeInvis .     h - +1 mace (protect)
rCold  . . .     Gourm    .     w - +1 robe {Archmagi}
rNeg   + + .     Faith    .     (no shield)
rPois  ∞         Spirit   .     P - +0 helmet
rElec  +         Dismiss  .     v - +1 cloak
rCorr  .         Reflect  .     b - +0 pair of gloves
SustAt .         Harm     .     Z - +0 pair of boots
MR     .....                    e - amulet of regeneration
Stlth  ++........               i - ring of magical power
                                q - ring of positive energy

@: repel missiles, not resistant to hostile enchantments, unstealthy
A: negative energy resistance 1, electricity resistance, unbreathing,
petrification resistance, rot immunity, AC +9
a: Renounce Religion


You were on level 6 of the Lair of Beasts.
You worshipped Vehumet.
Vehumet was extremely pleased with you.
You were hungry.

You visited 3 branches of the dungeon, and saw 17 of its levels.

You collected 939 gold pieces.
You spent 16 gold pieces at shops.

Inventory:

Hand Weapons
 h - a +1 mace of protection (weapon)
Armour
 b - a +0 pair of gloves (worn)
 v - a +1 cloak (worn)
 w - a +1 robe of the Archmagi (worn)
 P - a +0 helmet (worn)
 Z - a +0 pair of boots (worn)
Magical Staves
 f - an uncursed staff of earth
 V - an uncursed staff of wizardry {unknown}
Jewellery
 e - an amulet of regeneration (around neck)
 i - a ring of magical power (right hand)
 q - a ring of positive energy (left hand)
 W - an uncursed amulet of guardian spirit
Wands
 a - a wand of hasting (1/9) {@v3}
 J - a wand of flame (27/48)
Scrolls
 k - 2 scrolls of teleportation {@r4}
 o - 3 scrolls of remove curse {@r2}
 t - 3 scrolls of enchant weapon
 x - a scroll of enchant armour
 y - 2 scrolls of fog {unknown}
 A - 4 scrolls of blinking
 D - a scroll of summoning
 H - 4 scrolls of fear
 L - 5 scrolls of magic mapping
 N - a scroll of silence {unknown}
 T - 2 scrolls of recharging
 U - a scroll of torment {unknown}
Potions
 j - 2 potions of flight
 l - a potion of brilliance
 n - 2 potions of haste {@q3}
 p - 5 potions of curing {@q1}
 r - 2 potions of resistance
 s - a potion of cancellation
 u - a potion of lignification {!q}
 z - 2 potions of invisibility
 E - a potion of beneficial mutation
 F - a potion of cure mutation
 I - 3 potions of magic
 K - 2 potions of agility
 Q - a potion of heal wounds {@q2}
 X - a potion of mutation {!q}
 Y - a potion of ambrosia {unknown}
Books
 g - a Necronomicon

   Spells                             Type                      Level
   a - Haunt                          Necromancy/Summoning         7
   b - Borgnjor's Revivification      Necromancy                   8
   c - Death's Door                   Charms/Necromancy            8
   d - Infestation                    Necromancy                   8
   e - Necromutation                  Transmutation/Necromancy     8
 G - a book of Air

   Spells                             Type                      Level
   a - Shock                          Conjuration/Air              1
   b - Swiftness                      Charms/Air                   2
   c - Repel Missiles                 Charms/Air                   2
   d - Static Discharge               Conjuration/Air              3
   e - Lightning Bolt                 Conjuration/Air              5
 S - a book of Dreams

   Spells                             Type                      Level
   a - Ensorcelled Hibernation        Hexes/Ice                    2
   b - Silence                        Hexes/Air                    5
   c - Darkness                       Hexes                        6
   d - Shadow Creatures               Summoning                    6
Miscellaneous
 M - a box of beasts
Comestibles
 c - 6 royal jellies {@e3}
 d - 8 bread rations {@e1}
 m - 8 beef jerkies {@e2}
 B - 6 meat rations {@e1}
 C - 9 fruits {@e2}
 O - 3 slices of pizza {@e2}


   Skills:
 + Level 8.3 Fighting
 + Level 7.3 Maces & Flails
 - Level 5.0 Armour
 + Level 6.5 Dodging
 - Level 2.1 Stealth
   Level 4.0 Shields
 * Level 11.0 Spellcasting
 + Level 8.6 Conjurations
   Level 0.7 Transmutations
 + Level 6.5 Fire Magic
 + Level 10.8 Earth Magic
 + Level 5.5 Evocations


You had 12 spell levels left.
You knew the following spells:

 Your Spells              Type           Power        Failure   Level  Hunger
a - Sandblast             Erth           ######       1%          1    None
b - Stone Arrow           Conj/Erth      ######       1%          3    None
c - Lee's Rapid Deconstr  Erth           ######....   1%          5    ####...
d - Bolt of Magma         Conj/Fire/Erth ######....   2%          5    ####...
e - Iron Shot             Conj/Erth      ######....   4%          6    ######.
f - Repel Missiles        Chrm/Air       ###...       12%         2    None


Dungeon Overview and Level Annotations

Branches:
Dungeon (10/15)            Temple (1/1) D:4            Lair (6/6) D:10
  Swamp (0/4) Lair:3        Snake (0/4) Lair:4        Slime (0/5) Lair:6
    Orc: D:9-12

Altars:
Ashenzari
Cheibriados
Dithmenos
Elyvilon
Fedhas
Gozag
Hepliaklqana
Kikubaaqudgha
Makhleb
Nemelex Xobeh
Okawaru
Pakellas
Qazlal
Ru
Sif Muna
Trog
Uskayaw
Vehumet
Xom
Yredelemnul
Zin
The Shining One

Shops:
D:5 [

Annotations:
D:3 Bodrick's ghost, amateur KoBe
D:8 Joseph
D:9 Amnesiac's ghost, novice DENe
Lair:6 1 runed door, kroki's ghost, journeyman MfBe


Innate Abilities, Weirdness & Mutations

You are resistant to torment.
Your stone body is resilient. (AC +9)
You are immune to poison.
You resist negative energy. (rN+)
You are resistant to electric shocks. (rElec)
You can survive without breathing.
You are immune to petrification.
You are immune to rotting.


Message History

The lindwurm misses you. The lindwurm closely misses you.
The lindwurm claws you but does no damage.
Casting: Stone Arrow
Confirm with . or Enter, or press ? or * to list all spells.
Aiming: Stone Arrow
Press: ? - help, Shift-Dir - straight line, f/p - lindwurm
Aim: a lindwurm (heavily wounded)
You feel a surge of power!
The stone arrow misses the lindwurm.
The lindwurm bites you! The lindwurm claws you.
The lindwurm claws you but does no damage.
Casting: Stone Arrow
Confirm with . or Enter, or press ? or * to list all spells.
Aiming: Stone Arrow
Press: ? - help, Shift-Dir - straight line, f/p - lindwurm
Aim: a lindwurm (heavily wounded)
You feel a surge of power!
The stone arrow hits the lindwurm.
The lindwurm is severely wounded.
The lindwurm breathes flames at you. The blast of flame hits you!
You die...

###### ## ########
###...w##### #.##.P.##.#
#......w.k.## ###.......###
#...####P....###....###....##
#?†# ####..#@...### ##....##
#.. ### ##.k..##.# ###...#
#$. #.###...### ## ##.8P▒#
##. ###.....#.# ##...▒+ #
###......#### #...#▒
##...#....#### ##..##
##...##.#...#.# ##..##
##...####.#...### #...###
#P.### ####..P.## #..##.##


You could see a lindwurm.

Vanquished Creatures
  Nessos (Lair:5)
  An anaconda (Lair:4)
  4 hydras
  6 death yaks
  Pikel (D:7)
  2 hill giants (D:10)
  5 elephants
  6 spiny frogs
  Psyche (D:9)
  6 torpor snails
  2 black mambas
  A rime drake (Lair:2)
  7 komodo dragons
  A polar bear (Lair:4)
  2 two-headed ogres
  13 blink frogs
  4 giant leeches (Lair:6)
  2 slime creatures (Lair:6)
  Sigmund (D:5)
  A vampire (D:9)
  A wraith (D:10)
  Eustachio (D:6)
  26 yaks
  A basilisk (Lair:5)
  A wyvern (D:8)
  3 hippogriffs
  Menkaure (D:5)
  Edmund (D:5)
  2 soldier ants (D:9)
  6 porcupines
  20 water moccasins
  2 orc warriors
  5 ice beasts
  3 sky beasts
  2 slaves (D:7)
  3 phantoms
  4 wasps
  3 wolves (Lair:4)
  7 ogres
  2 centaurs
  8 crocodiles
  A big kobold (D:10)
  17 giant frogs
  2 scorpions
  6 killer bees (D:10)
  4 wights (D:10)
  4 howler monkeys
  4 crimson imps
  A quasit (D:9)
  2 giant frog zombies (D:6)
  6 hounds
  2 orc priests
  Crazy Yiuf (D:3)
  5 jellies
  4 centaur skeletons
  A giant frog skeleton (D:4)
  7 iguanas
  6 orc wizards
  11 worker ants
  A hound zombie (D:9)
  2 hound skeletons
  21 river rats
  15 adders
  A howler monkey skeleton (D:4)
  2 shadow imps (D:6)
  An ooze (D:1)
  20 worms
  4 dart slugs
  4 giant geckos
  35 orcs
  10 giant cockroaches
  9 goblins
  7 hobgoblins
  16 jackals
  4 quokkas
  5 ball pythons
  10 bats
  8 giant newts
  A jackal zombie (D:5)
  14 kobolds
  A quokka zombie (D:8)
  8 rats
  2 fungi
  2 plants
456 creatures vanquished.

Vanquished Creatures (others)
  A hippogriff (D:6)
  10 fungi
  5 plants (Lair:6)
16 creatures vanquished.

Grand Total: 472 creatures vanquished

Notes
Turn   | Place    | Note
-------+----------+-------------------------------------------
     0 | D:1      | Fubayashi the Gargoyle Earth Elementalist began the quest for the Orb.
     0 | D:1      | Reached XP level 1. HP: 10/10 MP: 3/3
   329 | D:1      | Reached XP level 2. HP: 15/15 MP: 3/5
   955 | D:1      | Reached XP level 3. HP: 8/19 MP: 0/7
  1352 | D:1      | Reached skill level 3 in Spellcasting
  1360 | D:1      | Learned a level 3 spell: Stone Arrow
  2122 | D:2      | Reached XP level 4. HP: 24/24 MP: 4/8
  2441 | D:2      | You fall through a shaft!
  2601 | D:2      | Found a shattered altar of Ashenzari.
  2675 | D:2      | Reached skill level 1 in Conjurations
  2720 | D:2      | Found a burning altar of Makhleb.
  3270 | D:3      | Noticed Bodrick's ghost (amateur KoBe)
  3328 | D:3      | Reached XP level 5. HP: 24/28 MP: 5/10
  3546 | D:3      | Reached skill level 4 in Spellcasting
  3666 | D:3      | Reached skill level 5 in Earth Magic
  4222 | D:3      | Found a runed door.
  4226 | D:3      | Noticed Crazy Yiuf
  4228 | D:3      | Killed Crazy Yiuf
  4417 | D:4      | Found a staircase to the Ecumenical Temple.
  4431 | Temple   | Entered the Ecumenical Temple
  4442 | Temple   | Became a worshipper of Vehumet
  4519 | D:4      | Reached XP level 6. HP: 23/32 MP: 11/12
  4922 | D:4      | Learned a level 5 spell: Lee's Rapid Deconstruction
  5138 | D:4      | Reached skill level 5 in Spellcasting
  5138 | D:4      | Reached XP level 7. HP: 36/36 MP: 10/14
  5360 | D:4      | Found a glowing golden altar of the Shining One.
  5409 | D:5      | Entered Level 5 of the Dungeon
  5426 | D:5      | Found a deep blue altar of Sif Muna.
  5449 | D:5      | Found a snail-covered altar of Cheibriados.
  5688 | D:5      | Reached skill level 1 in Fighting
  5688 | D:5      | Reached skill level 1 in Maces & Flails
  5824 | D:5      | Noticed Menkaure
  5917 | D:5      | Reached skill level 1 in Armour
  6053 | D:5      | Found Gaan's Antique Armour Shop.
  6071 | D:5      | Bought a runed robe for 16 gold pieces
  6102 | D:5      | Reached skill level 1 in Shields
  6167 | D:5      | Killed Menkaure
  6264 | D:5      | Noticed Sigmund
  6272 | D:5      | Killed Sigmund
  6272 | D:5      | Reached XP level 8. HP: 39/44 MP: 15/16
  6550 | D:5      | Reached * piety under Vehumet
  6550 | D:5      | Offered knowledge of Freeze by Vehumet.
  6778 | D:5      | Found an ancient bone altar of Kikubaaqudgha.
  6985 | D:5      | Noticed Edmund
  6991 | D:5      | Killed Edmund
  6991 | D:5      | Reached skill level 6 in Spellcasting
  7282 | D:6      | Noticed Eustachio
  7292 | D:6      | Killed Eustachio
  7773 | D:6      | Reached XP level 9. HP: 48/49 MP: 18/18
  7819 | D:6      | Found a stormy altar of Qazlal.
  7933 | D:6      | Found an oddly glowing altar of Pakellas.
  7933 | D:6      | Noticed an orange crystal statue
  8165 | D:6      | Found a basalt altar of Yredelemnul.
  8589 | D:7      | Noticed Pikel
  9440 | D:7      | Reached skill level 7 in Spellcasting
  9599 | D:7      | Found a blossoming altar of Fedhas.
  9772 | D:7      | Killed Pikel
  9772 | D:7      | Reached skill level 5 in Conjurations
  9772 | D:7      | Reached XP level 10. HP: 57/57 MP: 18/21
 10256 | D:7      | Reached ** piety under Vehumet
 10256 | D:7      | Offered knowledge of Searing Ray by Vehumet.
 10366 | D:8      | Noticed a five-headed hydra
 10368 | D:8      | Noticed Joseph
 10642 | D:8      | Found a white marble altar of Elyvilon.
 10659 | D:7      | Reached skill level 1 in Evocations
 11586 | D:7      | Killed a five-headed hydra
 11586 | D:7      | Reached skill level 5 in Armour
 11957 | D:8      | Learned a level 5 spell: Bolt of Magma
 12372 | D:9      | Found a shadowy altar of Dithmenos.
 12493 | D:9      | Noticed Amnesiac's ghost (novice DENe)
 12539 | D:9      | Reached skill level 5 in Fighting
 12539 | D:9      | Reached skill level 8 in Spellcasting
 12561 | D:9      | Reached skill level 1 in Fire Magic
 12807 | D:9      | Noticed Psyche
 12810 | D:9      | Killed Psyche
 12950 | D:9      | Reached XP level 11. HP: 64/64 MP: 15/23
 13736 | D:10     | Entered Level 10 of the Dungeon
 13738 | D:10     | Offered knowledge of Conjure Flame by Vehumet.
 13745 | D:10     | Noticed a hill giant
 13750 | D:10     | Killed a hill giant
 14125 | D:10     | Reached *** piety under Vehumet
 14939 | D:10     | Found a staircase to the Lair.
 15060 | D:10     | Noticed a hill giant
 15066 | D:10     | Killed a hill giant
 15066 | D:10     | Reached skill level 5 in Maces & Flails
 15220 | Lair:1   | Entered Level 1 of the Lair of Beasts
 15325 | Lair:1   | Learned a level 6 spell: Iron Shot
 15832 | Lair:1   | Reached skill level 5 in Dodging
 15987 | Lair:1   | Reached skill level 9 in Spellcasting
 16327 | Lair:2   | Noticed a four-headed hydra
 16333 | Lair:2   | Killed a four-headed hydra
 16522 | Lair:2   | Offered knowledge of Olgreb's Toxic Radiance by Vehumet.
 16644 | Lair:2   | Noticed a death yak
 16653 | Lair:2   | Killed a death yak
 16653 | Lair:2   | Reached XP level 12. HP: 70/70 MP: 13/25
 16662 | Lair:2   | Noticed a death yak
 16746 | Lair:2   | Noticed a death yak
 16747 | Lair:2   | Noticed a death yak
 16748 | Lair:2   | Noticed a death yak
 16750 | Lair:2   | Noticed a death yak
 16757 | Lair:2   | Killed a death yak
 16760 | Lair:2   | Killed a death yak
 16911 | Lair:1   | Killed a death yak
 17024 | Lair:1   | Killed a death yak
 17234 | Lair:2   | Killed a death yak
 18063 | Lair:3   | Found a staircase to the Swamp.
 18622 | Lair:3   | Reached **** piety under Vehumet
 18652 | Lair:3   | Offered knowledge of Ignite Poison by Vehumet.
 19528 | Lair:4   | Found a staircase to the Snake Pit.
 19533 | Lair:4   | Reached skill level 10 in Spellcasting
 19533 | Lair:4   | Reached skill level 10 in Earth Magic
 19710 | Lair:4   | Reached skill level 5 in Fire Magic
 20052 | Lair:4   | Learned a level 2 spell: Repel Missiles
 20680 | Lair:4   | Reached XP level 13. HP: 76/76 MP: 22/27
 21496 | Lair:5   | Noticed Nessos
 21502 | Lair:5   | Killed Nessos
 21670 | Lair:5   | Reached skill level 5 in Evocations
 22716 | Lair:6   | Entered Level 6 of the Lair of Beasts
 22716 | Lair:6   | Noticed kroki's ghost (journeyman MfBe)
 23880 | Lair:6   | Found a staircase to the Slime Pits.
 25530 | Lair:6   | Found a runed door.
 25658 | Lair:6   | Reached ***** piety under Vehumet
 25658 | Lair:6   | Offered knowledge of Iskenderun's Mystic Blast by Vehumet.
 25658 | Lair:6   | Reached skill level 11 in Spellcasting
 26425 | Lair:6   | Killed from afar by a lindwurm

Vault maps used:
D:1:      dpeg_arrival_water_fire, minmay_misc_feat_tower,
          minmay_misc_feat_enclosed
D:2:      lemuel_crystal_altar, lightli_temple_of_fire, first_bread
D:3:      uniq_crazy_yiuf_cottage
D:4:      kennysheep_mini, kennysheep_small_circle
D:5:      old_standard_altar, marbit_many_paths, lemuel_crystal_altar,
          serial_shops, nicolae_shop_overgrown_old_shop, uniq_edmund,
          uniq_sigmund, uniq_menkaure
D:6:      nicolae_overflow_hidden_temple, gammafunk_pakellas_statue_experiment,
          nicolae_qazlal_style_of_elements, uniq_eustachio
D:7:      lemuel_crystal_altar, uniq_pikel
D:8:      kennysheep_mini_moat, uniq_joseph
D:9:      grunt_dithmenos_smoke_and_mirrors, hangedman_pestilent_swarm,
          uniq_psyche
D:10:     lair_0_dummy, grunt_ministairs_2, minmay_diamond_spiral
Temple:   eino_wide_crystal_templ
Lair:3:   minmay_swamp_entry_reptiles, serial_bayou_shore_a
Lair:4:   minmay_snake_entry_six_corridors
Lair:5:   uniq_nessos
Lair:6:   wormcave, minmay_slime_entry_pillars

Skill      XL: |  1  2  3  4  5  6  7  8  9 10 11 12 13 |
---------------+----------------------------------------+-----
Earth Magic    | 4 5 6 7 8 9 10 | 10.8
Spellcasting   | 3 4 5 6 7 8 9 10 11 | 11.0
Conjurations   | 1 2 3 4 5 6 7 8 |  8.6
Fighting       | 1 2 4 5 6 7 8 |  8.3
Maces & Flails | 1 2 3 4 5 6 7 |  7.3
Armour         | 2 3 4 5 |  5.0
Shields        | 1 2 3 4 |  4.0
Dodging        | 2 3 4 5 6 |  6.5
Evocations     | 2 3 4 5 |  5.5
Fire Magic     | 1 3 5 6 |  6.5
Stealth        | |  2.1
Transmutations | |  0.7

Action                   |  1- 3 |  4- 6 |  7- 9 | 10-12 | 13-15 || total
-------------------------+-------+-------+-------+-------+-------++-------
Melee: Club              |    33 |       |       |       |       ||    33
       Unarmed           |     1 |       |       |       |       ||     1
       Mace              |    20 |    84 |       |   214 |   155 ||   473
       Whip              |       |    65 |   124 |    19 |       ||   208
 Cast: Sandblast         |    76 |   128 |   132 |    74 |     3 ||   413
       Stone Arrow       |       |    11 |    78 |   395 |   256 ||   740
       Bolt of Magma     |       |       |       |    17 |    20 ||    37
       Lee's Rapid Decon |       |       |       |     6 |     3 ||     9
       Repel Missiles    |       |       |       |     1 |       ||     1
  Use: Scroll            |       |     4 |     1 |    14 |    10 ||    29
       Potion            |       |       |       |     3 |     2 ||     5
 Stab: Sleeping          |     1 |     3 |     3 |       |       ||     7
  Eat: Chunk             |     4 |    11 |    15 |    35 |    18 ||    83
       Royal jelly       |       |       |     1 |     2 |     2 ||     5
Armor: Robe              |    35 |   158 |   110 |   214 |   130 ||   647
       Skin              |       |       |       |     4 |       ||     4
Dodge: Dodged            |    81 |   195 |   156 |   302 |   187 ||   921
       Deflected         |       |       |       |       |     1 ||     1
